 Dungeon Crawl Stone Soup version 0.17.2-1-ge4368a0 (webtiles) character file.

37898 Khazaran the Fighter (level 14, -8/119 HPs)
             Began as a Formicid Wanderer on Oct 25, 2017.
             Was a High Priest of Okawaru.
             Mangled by Snorg (14 damage)
             ... on level 14 of the Dungeon.
             The game lasted 00:35:25 (19068 turns).

Khazaran the Fighter (Formicid Wanderer)           Turns: 19068, Time: 00:35:25

Health: -8/119     AC: 23    Str: 19    XL:     14   Next: 31%
Magic:  20/20      EV: 11    Int: 17    God:    Okawaru [*****.]
Gold:   713        SH:  6    Dex: 16    Spells: 0 memorised, 21 levels left

rFire  . . .     SeeInvis +     u - +1 whip (elec)
rCold  . . .     Clarity  .     q - +2 scale mail
rNeg   + + .     SustAt   .     l - +0 buckler
rPois  +         Gourm    .     (helmet unavailable)
rElec  .         Spirit   .     E - +3 cloak of Dytiwim {rPois Dex+4}
rCorr  .         Warding  +     D - +0 pair of gloves {archery}
rMut   .         Stasis   +     d - +1 pair of boots
MR     ++...                    G - amulet of warding
Stlth  ..........               z - ring of positive energy
                                y - ring of protection from magic

@: very resistant to hostile enchantments, extremely unstealthy
A: permanent stasis, dig shafts and tunnels, four strong arms, antennae 3, claws
1, iridescent scales 1, agile 1, strong 1, wild magic 1
a: Dig, Shaft Self, Heroism, Renounce Religion


You were on level 14 of the Dungeon.
You worshipped Okawaru.
Okawaru was extremely pleased with you.
You were hungry.

You visited 1 branch of the dungeon, and saw 14 of its levels.
You also visited: Sewer.

You collected 951 gold pieces.
You spent 238 gold pieces at shops.

Inventory:

Hand Weapons
 a - a +0 hand axe of electrocution
 b - the +3 mace of Royalism {flame, rN+ Stlth+}
   (You found it on level 7 of the Dungeon)

   It has been specially enchanted to burn those struck by it, causing extra
   injury to most foes and up to half again as much damage against particularly
   susceptible opponents.
   It protects you from negative energy.
   It makes you more stealthy.
 h - a +0 blowgun
 u - a +1 whip of electrocution (weapon)
 H - a +0 mace
 Q - the +1 broad axe of Deflation {speed, *Noise rPois MP+9 Int+2}
   (Okawaru gifted it to you on level 13 of the Dungeon)

   Attacks with this weapon are significantly faster.
   It affects your intelligence (+2).
   It protects you from poison.
   It affects your magic capacity (+9).
   It may make noises in combat.
Missiles
 s - 7 steel javelins (quivered)
 I - 32 poisoned needles
Armour
 d - a +1 pair of boots (worn)
 l - a +0 buckler (worn)
 m - a +2 leather armour of cold resistance
 o - a +1 ring mail of magic resistance
 q - a +2 scale mail (worn)
 D - a +0 pair of gloves of archery (worn)
 E - the +3 cloak of Dytiwim (worn) {rPois Dex+4}
   (You acquired it on level 7 of the Dungeon)

   It affects your dexterity (+4).
   It protects you from poison.
 P - a storm dragon hide
Jewellery
 j - an uncursed ring of magical power
 y - a ring of protection from magic (left hand)
 z - a ring of positive energy (right hand)
 C - an uncursed ring of flight
 G - an amulet of warding (around neck)
 T - an uncursed ring of magical power
Wands
 c - a wand of lightning (3)
 i - a wand of fire (1)
 v - a wand of digging (12)
 w - a wand of draining (3)
 B - a wand of digging (9)
 K - a wand of fireball (5)
 L - a wand of lightning (10)
 N - a wand of slowing (22)
Scrolls
 e - 8 scrolls of remove curse
 f - 4 scrolls of fog
 g - 9 scrolls of identify
 k - 3 scrolls of recharging
 A - 2 scrolls of enchant weapon
 F - 3 scrolls of enchant armour
 O - a scroll of silence {unknown}
 R - 2 scrolls of fear
Potions
 n - 5 potions of flight
 p - a potion of cancellation
 t - a potion of brilliance
 J - a potion of agility
Books
 x - a book of Alchemy

   Spells                             Type                      Level
   a - Sublimation of Blood           Necromancy                   2
   b - Ignite Poison                  Fire/Transmutation/Poison    3
   c - Alistair's Intoxication        Transmutation/Poison         4
   d - Condensation Shield            Ice                          4
   e - Petrify                        Transmutation/Earth          4
   f - Irradiate                      Conjuration/Transmutation    5
Miscellaneous
 r - an ornate deck of summoning {drawn: 2}
Comestibles
 S - 4 meat rations


   Skills:
 - Level 13.7 Fighting
 - Level 12.7(13.8) Axes
 - Level 9.6(12.4) Maces & Flails
 - Level 10.0 Armour
 - Level 3.0 Dodging
 + Level 6.1 Shields
 - Level 4.2 Spellcasting
 - Level 6.5 Invocations
 - Level 1.1 Evocations


You had 21 spell levels left.
You didn't know any spells.

Dungeon Overview and Level Annotations

Branches:
Dungeon (14/15)            Temple (0/1) D:7            Lair (0/8) D:9
    Orc (0/4) D:9          Vaults (0/5) D:14

Altars:
Ashenzari
Cheibriados
Dithmenos
Gozag
Okawaru
Qazlal
Sif Muna
Yredelemnul
The Shining One

Shops:
D:5 ?}   D:9 :%:!%   D:12 !%(}[

Annotations:
D:14 Snorg


Innate Abilities, Weirdness & Mutations

You are under a permanent stasis effect.
You can dig through walls and to a lower floor.
Your four strong arms can wield two-handed weapons with a shield.
You have a pair of large antennae on your head (SInv).
You have sharp fingernails.
You are partially covered in iridescent scales (AC +4).
You are agile. (Dex +2)
Your muscles are strong. (Str +2)
Your spells are a little harder to cast, but a little more powerful.


Message History

Snorg is severely wounded.
Snorg bites you! Snorg claws you!
* * * LOW HITPOINT WARNING * * *
You block Snorg's attack.
You hit Snorg.
Snorg is severely wounded.
You hit Snorg.
Snorg is severely wounded.
Snorg misses you. Snorg claws you but does no damage. You block Snorg's attack.
You closely miss Snorg.
Snorg is severely wounded.
Snorg bites you but does no damage. Snorg claws you!!
* * * LOW HITPOINT WARNING * * *
Snorg closely misses you.
Drink which item? (? for menu, Esc to quit)
Okay, then.
Are you sure you want to shaft yourself?
You are feeling hungry.
Snorg closely misses you. Snorg claws you!
You die...

....#...........#.....#..........
....#...........#.....#..........
....#...........#.....#..........
....#...........#.....#..........
....#...........#.....#..........
.†..#####.#############..........
##....# ######.###.#....#########
.#....# .......#..#....#......>.
.#....# .......@..#....#........
.#....# ......T#..#....#<.......
.#....# .......#..#....#........
.#....# .......#..#....#).......
.#....## .########.#....#'##.###.
.#.....# ...###.##'#....#.####
.#.....# ...........#....#.....
.#.....# ...........#....#.....
.#.....# ...........#....#.....


You could see Snorg (berserk).

Vanquished Creatures
  Gastronok (D:11)
  A storm dragon (D:13)
  4 vault guards (D:14)
  4 hydras
  A centaur warrior (D:13)
  The ghost of Erymatos the Cleaver, a novice MiBe of Trog (D:11)
  A phantasmal warrior (D:13)
  3 unseen horrors
  Pikel (D:6)
  3 hill giants
  2 orc sorcerers
  A hornet (D:13)
  2 orc knights
  6 ugly things
  3 manticores
  A cyclops (D:11)
  3 gargoyles
  Joseph (D:10)
  A yaktaur (D:14)
  A centaur skeleton (D:12)
  A fire drake (D:9)
  2 tengu conjurers
  A queen bee (D:11)
  Grinder (D:6)
  Prince Ribbit (D:6)
  4 trolls
  6 slime creatures (D:12)
  A trapdoor spider (D:11)
  3 deep elf magi
  A water elemental (D:13)
  Sigmund (D:6)
  13 yaks
  A centaur simulacrum (D:14)
  A wraith (D:13)
  A hippogriff (D:13)
  5 hungry ghosts
  3 soldier ants
  A water moccasin (D:11)
  7 orc warriors
  A slave (D:6)
  A necrophage (D:10)
  2 ice beasts
  4 phantoms
  4 sky beasts
  7 centaurs
  A crocodile (D:8)
  10 ogres
  Blork the orc (D:5)
  5 big kobolds
  6 giant frogs
  A gnoll sergeant (D:8)
  A water moccasin zombie (D:11)
  A wyvern zombie (D:12)
  6 scorpions
  25 killer bees
  12 wights
  2 electric eels (D:13)
  8 hounds
  4 crimson imps
  2 giant frog skeletons
  4 giant frog zombies
  Crazy Yiuf (D:7)
  4 centaur zombies
  7 jellies
  4 iguanas
  12 orc priests
  11 orc wizards
  9 worker ants
  3 hound skeletons
  10 adders
  6 gnolls (D:8)
  A shadow imp (D:12)
  An adder zombie (D:5)
  4 oozes
  2 adder skeletons
  5 worms
  40 orcs
  7 goblins
  10 hobgoblins
  7 quokkas
  4 ball pythons
  9 bats
  6 giant cockroaches
  9 giant geckos
  5 giant newts
  6 jackals
  24 kobolds
  A quokka zombie (D:7)
  10 rats
  3 fungi (D:7)
424 creatures vanquished.

Vanquished Creatures (collateral kills)
  A hill giant (D:13)
1 creature vanquished.

Vanquished Creatures (others)
  2 slaves
  An orc (D:8)
  A giant cockroach (D:1)
  2 kobolds (D:13)
  7 plants (D:11)
13 creatures vanquished.

Grand Total: 438 creatures vanquished

Notes
Turn   | Place    | Note
--------------------------------------------------------------
     0 | D:1      | Khazaran the Formicid Wanderer began the quest for the Orb.
     0 | D:1      | Khazaran set off with: a +2 scale mail, a +0 mace, a potion of curing, a bread ration
     0 | D:1      | Reached XP level 1. HP: 21/21 MP: 1/1
    43 | D:1      | Reached XP level 2. HP: 9/27 MP: 2/2
   185 | D:1      | Reached XP level 3. HP: 11/33 MP: 3/3
   660 | D:1      | You fall through a shaft!
   839 | D:2      | Reached XP level 4. HP: 14/40 MP: 4/4
  1144 | D:2      | Reached skill level 1 in Axes
  1553 | D:3      | Reached XP level 5. HP: 46/46 MP: 5/5
  1614 | D:3      | Found a glowing drain.
  1618 | Sewer    | Entered a sewer
  1717 | Sewer    | Reached XP level 6. HP: 44/52 MP: 6/6
  1871 | Sewer    | Reached skill level 5 in Axes
  2238 | D:4      | Reached XP level 7. HP: 47/57 MP: 7/7
  2241 | D:4      | Reached skill level 6 in Axes
  2786 | D:4      | Reached skill level 7 in Axes
  2918 | D:4      | Reached XP level 8. HP: 49/64 MP: 8/8
  3152 | D:5      | Entered Level 5 of the Dungeon
  3163 | D:5      | Found an iron altar of Okawaru.
  3175 | D:5      | Reached skill level 8 in Axes
  3212 | D:5      | Found a basalt altar of Yredelemnul.
  3225 | D:5      | Found a glowing golden altar of the Shining One.
  3225 | D:5      | Found a shadowy altar of Dithmenos.
  3229 | D:5      | Became a worshipper of Warmaster Okawaru
  3559 | D:5      | Found a basalt altar of Yredelemnul.
  3570 | D:5      | Found Qaocris's Magic Scroll Boutique.
  3571 | D:5      | Noticed Blork the orc
  3581 | D:5      | Killed Blork the orc
  3590 | D:5      | Bought a scroll of enchant weapon for 112 gold pieces
  3597 | D:5      | Found Kyrr's Gadget Emporium.
  3612 | D:5      | Reached skill level 9 in Axes
  3953 | D:5      | Noticed Prince Ribbit
  4176 | D:6      | Killed Prince Ribbit
  4176 | D:6      | Reached * piety under Okawaru
  4176 | D:6      | Reached XP level 9. HP: 19/69 MP: 9/9
  4184 | D:6      | Reached skill level 10 in Axes
  4397 | D:6      | Found a shattered altar of Ashenzari.
  4523 | D:6      | Noticed Pikel
  4535 | D:6      | Killed Pikel
  4535 | D:6      | Reached skill level 11 in Axes
  4694 | D:6      | Found a stormy altar of Qazlal.
  4848 | D:6      | Found a snail-covered altar of Cheibriados.
  4917 | D:6      | Noticed Sigmund
  4922 | D:6      | Killed Sigmund
  5073 | D:6      | Reached ** piety under Okawaru
  5297 | D:6      | Noticed Grinder
  5318 | D:6      | Killed Grinder
  5318 | D:6      | Reached skill level 12 in Axes
  5421 | D:7      | Reached XP level 10. HP: 76/76 MP: 10/10
  5471 | D:7      | Found an opulent altar of Gozag.
  5758 | D:7      | Found a staircase to the Ecumenical Temple.
  5784 | D:7      | Identified a scroll of acquirement
  5785 | D:7      | Got a faintly humming cloak
  5796 | D:7      | Identified the +3 cloak of Dytiwim {rPois Dex+4} (You acquired it on level 7 of the Dungeon)
  6065 | D:7      | Got a dazzling mace
  6084 | D:7      | Identified the +3 mace of Royalism {flame, rN+ Stlth+} (You found it on level 7 of the Dungeon)
  6089 | D:7      | Noticed Crazy Yiuf
  6095 | D:7      | Killed Crazy Yiuf
  6616 | D:8      | Reached skill level 5 in Armour
  6828 | D:8      | Reached *** piety under Okawaru
  7158 | D:9      | Found a staircase to the Orcish Mines.
  7303 | D:9      | Found Xodoith's Food Emporium.
  7354 | D:9      | Found a staircase to the Lair.
  7617 | D:9      | Found Ejiqyace's Distillery.
  7629 | D:9      | Reached **** piety under Okawaru
  7724 | D:9      | Found Birien's Book Shoppe.
  7809 | D:9      | Found Nuvegrum's Book Shop.
  7811 | D:9      | Found Ykedd's Food Shop.
  8018 | D:9      | Found a deep blue altar of Sif Muna.
  8323 | D:10     | Entered Level 10 of the Dungeon
  8344 | D:10     | Noticed Joseph
  8359 | D:10     | Killed Joseph
  8359 | D:10     | Reached XP level 11. HP: 58/87 MP: 11/11
  8830 | D:10     | You fall through a shaft for 2 floors!
  8848 | D:12     | Reached ***** piety under Okawaru
  8850 | D:12     | Reached skill level 10 in Fighting
  9119 | D:11     | Noticed Gastronok
  9256 | D:11     | Killed Gastronok
  9256 | D:11     | Received a gift from Okawaru
  9256 | D:11     | Reached skill level 1 in Dodging
  9256 | D:11     | Reached skill level 1 in Spellcasting
  9375 | D:11     | Noticed a manticore
  9390 | D:11     | Killed a manticore
  9545 | D:11     | Noticed a cyclops
  9559 | D:11     | Killed a cyclops
  9651 | D:11     | Found an iron altar of Okawaru.
  9691 | D:11     | Noticed a hill giant
  9703 | D:11     | Killed a hill giant
  9703 | D:11     | Reached XP level 12. HP: 49/98 MP: 14/14
  9731 | D:11     | Noticed a manticore
  9748 | D:11     | Killed a manticore
  9839 | D:11     | Noticed a six-headed hydra
 10352 | D:10     | Gained mutation: Potions and wands are less effective at restoring your health. [mutagenic meat]
 10365 | D:10     | Lost mutation: Potions and wands are less effective at restoring your health. [potion of cure mutation]
 10893 | D:12     | Found Xuacabov's Gadget Boutique.
 10895 | D:12     | Found Wusesh's Food Emporium.
 11300 | D:12     | Found Hamonn's Weapon Shop.
 11395 | D:12     | Noticed an eight-headed hydra
 11407 | D:12     | Killed an eight-headed hydra
 11410 | D:12     | Found Ymemefer's Distillery.
 11436 | D:12     | Reached skill level 5 in Invocations
 12220 | D:12     | Found Canuah's Antique Armour Shoppe.
 12228 | D:12     | Bought a pair of embroidered gloves for 126 gold pieces
 12326 | D:11     | Reached skill level 5 in Maces & Flails
 13013 | D:11     | Noticed Erymatos's ghost (novice MiBe)
 13221 | D:11     | Killed Erymatos's ghost
 13269 | D:11     | Gained mutation: You are agile. (Dex +2) [mutagenic meat]
 13270 | D:11     | Gained mutation: You are partially covered in iridescent scales (AC +4). [mutagenic meat]
 13271 | D:11     | Gained mutation: Your spells are a little harder to cast, but a little more powerful. [mutagenic meat]
 13272 | D:11     | Gained mutation: You have sharp fingernails. [mutagenic meat]
 13273 | D:11     | Gained mutation: Your muscles are strong. (Str +2) [mutagenic meat]
 13627 | D:11     | Killed a six-headed hydra
 13627 | D:11     | Reached skill level 10 in Armour
 13627 | D:11     | Reached XP level 13. HP: 51/106 MP: 15/18
 14256 | D:13     | Noticed a storm dragon
 14258 | D:13     | fuck
 14270 | D:13     | Killed a storm dragon
 14282 | D:13     | Reached ****** piety under Okawaru
 14309 | D:13     | Received a gift from Okawaru
 14310 | D:13     | Got an ancient broad axe {god gift}
 14311 | D:13     | Identified the +1 broad axe of Deflation {speed, *Noise rPois MP+9 Int+2} (Okawaru gifted it to you on level 13 of the Dungeon)
 15279 | D:13     | Noticed a hill giant
 15290 | D:13     | Killed a hill giant
 15923 | D:13     | Reached skill level 13 in Fighting
 16089 | D:14     | Received a gift from Okawaru
 16642 | D:14     | Noticed a vault guard
 16775 | D:14     | Noticed a vault guard
 17026 | D:13     | Reached XP level 14. HP: 86/118 MP: 20/20
 17982 | D:14     | Noticed a vault guard
 18002 | D:14     | Killed a vault guard
 18009 | D:14     | HP: 3/119 [red devil/trident[an orc sorcerer] (8)]
 18445 | D:14     | Killed a vault guard
 18445 | D:14     | Received a gift from Okawaru
 18476 | D:14     | Found a gate to the Vaults.
 18476 | D:14     | Noticed a vault guard
 18501 | D:14     | Killed a vault guard
 18905 | D:14     | Killed a vault guard
 18905 | D:14     | Reached skill level 5 in Shields
 19041 | D:14     | Noticed Snorg
 19068 | D:14     | Mangled by Snorg

Action                   |  1- 3 |  4- 6 |  7- 9 | 10-12 | 13-15 || total
-------------------------+-------+-------+-------+-------+-------++-------
Melee: Mace              |   130 |     5 |       |    57 |    17 ||   209
       Hand axe          |       |   180 |   241 |   744 |    90 ||  1255
       Whip              |       |       |       |   186 |   404 ||   590
       Broad axe         |       |       |       |       |    48 ||    48
Throw: Throwing net      |       |       |       |     2 |     1 ||     3
Invok: Heroism           |       |       |     1 |     6 |     4 ||    11
 Abil: Dig               |     2 |       |     2 |     5 |     2 ||    11
       Shaft Self        |       |       |       |       |     1 ||     1
Evoke: Wand              |       |       |       |       |    12 ||    12
       Deck              |       |       |       |       |     2 ||     2
  Use: Scroll            |       |     7 |       |    10 |     1 ||    18
       Potion            |       |       |     6 |    15 |     5 ||    26
 Stab: Held in net/web   |       |       |       |     2 |     1 ||     3
       Invisible         |       |       |       |     5 |       ||     5
       Distracted        |       |       |       |       |     1 ||     1
  Eat: Bread ration      |       |     1 |     3 |     2 |     1 ||     7
       Chunk             |       |       |     4 |    15 |     3 ||    22
       Meat ration       |       |       |       |     3 |     1 ||     4
       Pizza             |       |       |       |     4 |       ||     4
       Fruit             |       |       |       |     3 |     7 ||    10
